 Dungeon Crawl Stone Soup version 0.20.1-1-g8b1a95d (webtiles) character file.

114464 vatarom the Scorcher (level 16, -3/96 HPs)
             Began as a Deep Elf Fire Elementalist on Sept 7, 2017.
             Was the Champion of Vehumet.
             Slain by an alligator snapping turtle (41 damage)
             ... on level 4 of the Shoals.
             The game lasted 01:30:57 (32399 turns).

vatarom the Scorcher (Deep Elf Fire Elementalist)  Turns: 32399, Time: 01:30:58

Health: -3/96      AC: 13    Str:  6    XL:     16   Next: 16%
Magic:  43/57      EV: 16    Int: 33    God:    Vehumet [******]
Gold:   1833       SH:  0    Dex: 15    Spells: 7/38 levels left

rFire    + + +     SeeInvis .   t - staff of power
rCold    x x x     Gourm    .   (no shield)
rNeg     . . .     Faith    +   S - +0 steam dragon scales
rPois    +         Spirit   .   N - +0 helmet (curse)
rElec    .         Reflect  .   g - +2 cloak
rCorr    .         Harm     .   f - +0 pair of gloves
MR       +....     Rnd*Rage +   e - +0 pair of boots
Stlth    ++........             F - amulet of faith
Regen    0.3/turn               J - ring of magical power
MPRegen  0.4/turn               U - ring "Moitet" {Fire rPois Int+6}

@: immune to fire clouds, about to teleport, mesmerised
A: iridescent scales 1, berserk 1, screaming 1
a: Renounce Religion


You were on level 4 of the Shoals.
You worshipped Vehumet.
Vehumet was exalted by your worship.
You were not hungry.

You visited 4 branches of the dungeon, and saw 24 of its levels.
You also visited: Ossuary.

You collected 1833 gold pieces.

Inventory:

Hand Weapons
 o - a +4 quarterstaff of crushing
Armour
 a - a +0 robe
 e - a +0 pair of boots (worn)
 f - a +0 pair of gloves (worn)
 g - a +2 cloak (worn)
 N - a cursed +0 helmet (worn)
 S - +0 steam dragon scales (worn)
Magical Staves
 r - an uncursed staff of wizardry
 t - an uncursed staff of power (weapon)
Jewellery
 k - the ring "Vijiosenn" {*Corrode rElec rF+ MR+++ Str+4}
   (You found it on level 11 of the Dungeon)

   [ring of protection from fire]

   It affects your strength (+4).
   It protects you from fire.
   It insulates you from electricity.
   It affects your resistance to hostile enchantments.
   It may corrode you when you take damage.
 m - an uncursed ring of protection from fire
 F - an amulet of faith (around neck)
 I - an uncursed amulet of rage {unknown}
 J - a ring of magical power (left hand)
 U - the ring "Moitet" (right hand) {Fire rPois Int+6}
   (You found it on level 6 of the Lair of Beasts)

   [ring of fire]

   It enhances your fire magic.
   It affects your intelligence (+6).
   It protects you from fire.
   It makes you vulnerable to cold.
   It protects you from poison.
Wands
 n - a wand of digging (16/24)
 y - a wand of confusion (27/48)
 E - a wand of confusion (19/48)
 G - a wand of acid (1/15)
 O - a wand of paralysis (9/24)
 Y - a wand of polymorph (15/24)
Scrolls
 l - 13 scrolls of remove curse
 q - 4 scrolls of teleportation
 u - 3 scrolls of enchant armour
 v - 6 scrolls of enchant weapon
 H - a scroll of brand weapon
 K - 2 scrolls of recharging
 Q - a scroll of fog
 R - 3 scrolls of magic mapping
Potions
 c - 2 potions of haste
 j - a potion of agility
 p - 12 potions of curing
 z - 2 potions of brilliance
 A - a potion of ambrosia
 B - a potion of invisibility
 D - a potion of heal wounds
 M - 4 potions of might
 P - 2 potions of cancellation
 X - a potion of resistance
Books
 b - a book of Flames

   Spells                             Type                      Level
   a - Flame Tongue                   Conjuration/Fire             1
   b - Throw Flame                    Conjuration/Fire             2
   c - Conjure Flame                  Conjuration/Fire             3
   d - Inner Flame                    Hexes/Fire                   3
   e - Sticky Flame                   Conjuration/Fire             4
   f - Fireball                       Conjuration/Fire             5
 h - a book of Callings

   Spells                             Type                      Level
   a - Summon Small Mammal            Summoning                    1
   b - Call Imp                       Summoning                    2
   c - Call Canine Familiar           Summoning                    3
   d - Summon Guardian Golem          Hexes/Summoning              3
   e - Summon Lightning Spire         Summoning/Air                4
   f - Summon Ice Beast               Ice/Summoning                4
 C - a book of Cantrips

   Spells                             Type                      Level
   a - Confusing Touch                Hexes                        1
   b - Animate Skeleton               Necromancy                   1
   c - Summon Small Mammal            Summoning                    1
   d - Apportation                    Translocation                1
 L - a book of Death

   Spells                             Type                      Level
   a - Corpse Rot                     Necromancy                   2
   b - Sublimation of Blood           Necromancy                   2
   c - Agony                          Necromancy                   5
   d - Dispel Undead                  Necromancy                   5
   e - Excruciating Wounds            Charms/Necromancy            5
   f - Bolt of Draining               Conjuration/Necromancy       5
 T - a book of Clouds

   Spells                             Type                      Level
   a - Poisonous Vapours              Poison/Air                   2
   b - Mephitic Cloud                 Conjuration/Poison/Air       3
   c - Conjure Flame                  Conjuration/Fire             3
   d - Freezing Cloud                 Conjuration/Ice/Air          6
   e - Ring of Flames                 Charms/Fire                  7
Miscellaneous
 V - a phantom mirror
Comestibles
 d - 18 fruits
 i - 3 bread rations
 s - 7 chunks of flesh
 w - 2 royal jellies
 W - 3 meat rations


   Skills:
 * Level 9.1 Fighting
 - Level 6.2 Dodging
 - Level 2.4 Stealth
 - Level 11.9 Spellcasting
 + Level 13.9 Conjurations
 - Level 10.2 Charms
   Level 4.1 Necromancy
 - Level 20.4 Fire Magic
   Level 4.4 Air Magic
 - Level 1.3 Evocations


You had 7 spell levels left.
You knew the following spells:

 Your Spells              Type           Power        Failure   Level  Hunger
a - Flame Tongue          Conj/Fire      #####        0%          1    None
b - Throw Flame           Conj/Fire      ######       0%          2    None
c - Conjure Flame         Conj/Fire      ########     0%          3    None
d - Sticky Flame          Conj/Fire      ########     0%          4    None
e - Fireball              Conj/Fire      ########..   1%          5    #......
f - Ring of Flames        Chrm/Fire      ########..   3%          7    ######.
g - Iskenderun's Battles  Conj/Chrm      #######.     1%          5    #......
i - Force Lance           Conj/Tloc      ######..     1%          4    None


Dungeon Overview and Level Annotations

Branches:
Dungeon (13/15)            Temple (1/1) D:6            Lair (6/6) D:8
 Shoals (4/4) Lair:3        Snake (0/4) Lair:4        Slime (0/5) Lair:5
    Orc (0/2) D:12
 Vaults: D:13-14

Altars:
Ashenzari
Cheibriados
Dithmenos
Elyvilon
Fedhas
Gozag
Hepliaklqana
Kikubaaqudgha
Makhleb
Nemelex Xobeh
Okawaru
Qazlal
Ru
Sif Muna
Trog
Uskayaw
Vehumet
Xom
Yredelemnul
Zin
The Shining One
Beogh
Jiyva

Shops:
D:9 *   D:11 *

Annotations:
D:5 Dowan
D:8 Joseph
D:13 1 transporter
Lair:2 exclusion: oklob plant
Lair:5 raph's ghost, journeyman MiMo


Innate Abilities, Weirdness & Mutations

You are partially covered in iridescent scales. (AC +2)
You tend to lose your temper in combat.
You occasionally shout uncontrollably at your foes.


Message History

You feel a strong surge of power!
The fireball explodes!
The fireball engulfs the alligator snapping turtle.
The alligator snapping turtle is heavily wounded.
The fireball engulfs the merfolk impaler.
The merfolk impaler is almost dead.
You hear an angry hiss.
The merfolk throws a tomahawk.
The tomahawk completely misses you.
The alligator snapping turtle misses you.
A merfolk siren comes into view. It is wielding a spear.
Unknown command.
As you read the scroll of teleportation, it crumbles to dust.
You feel strangely unstable.
The merfolk siren shouts!
The merfolk impaler closely misses you.
The merfolk throws a tomahawk.
The tomahawk hits you.
The merfolk impaler hits you from afar with a trident of protection!
The merfolk siren chants a haunting song.
You are mesmerised by the merfolk siren!
The alligator snapping turtle bites you from afar!!!
You die...

≈≈≈......#. ≈
m........H##### ≈≈
m.m.......##.≈###≈≈≈
m................≈≈≈
#...............≈≈≈
#.....§....<....≈≈≈
##...tm..†...P.≈≈≈
##..§§§........P≈≈
#...§@§H.......≈≈≈
##..§§§......P.≈P≈
#[..H.........≈PP
#............≈≈≈≈
#.........###≈P≈≈
.........P..
...........#.
...m.........


You could see an alligator snapping turtle, a merfolk avatar, 2 merfolk
impalers, 2 merfolk, a hippogriff, a merfolk siren and 2 harpies.

Vanquished Creatures
  Bai Suzhen (Shoals:3)
  Nikola (Shoals:3)
  A kraken (Shoals:2)
  Polyphemus (Shoals:3)
  An azure jelly (D:13)
  A stone giant (Shoals:2)
  A dire elephant (Lair:6)
  The ghost of p0werm0de the Fighter, a journeyman DsBe of Trog (D:12)
  The ghost of acidapple the Impaler, a journeyman MfGl of Okawaru (Lair:3)
  A merfolk impaler (Shoals:1)
  A fire dragon (Lair:6)
  5 hydras
  3 catoblepae
  A satyr (Shoals:2)
  A merfolk aquamancer (Shoals:2)
  4 two-headed ogres
  2 centaur warriors (D:12)
  2 deep troll earth magi (D:11)
  6 death yaks
  2 skeletal warriors (D:13)
  8 sea snakes
  2 unseen horrors
  A swamp dragon (Lair:6)
  Pikel (D:8)
  An orc knight (D:11)
  17 harpies
  A lindwurm (Lair:6)
  3 ugly things
  4 cyclopes
  9 manticores
  5 merfolk sirens
  12 fauns
  A water nymph (shapeshifter) (D:12)
  4 water nymphs
  4 elephants (Lair:6)
  Psyche (D:11)
  3 torpor snails
  A black mamba (Lair:6)
  12 spiny frogs
  8 komodo dragons
  2 centaur skeletons
  9 rime drakes
  An efreet (D:13)
  6 trolls
  4 polar bears
  8 merfolk
  A hornet (D:12)
  3 slime creatures
  16 dream sheep
  8 wind drakes
  6 snapping turtles
  8 blink frogs
  10 hippogriffs
  A meliai zombie (D:12)
  6 water elementals
  A shadow (D:11)
  A spriggan (D:7)
  A wraith (D:12)
  Sigmund (D:2)
  59 yaks
  Eustachio (D:5)
  3 wyverns
  4 basilisks (Lair:6)
  3 hungry ghosts
  3 steam dragons
  6 vampire mosquitoes
  Menkaure (D:5)
  3 nagas (Lair:4)
  A soldier ant (D:12)
  14 water moccasins
  2 acid dragons (Lair:6)
  6 porcupines
  2 swamp drakes (Lair:6)
  2 phantoms
  Duvessa (D:5)
  8 ice beasts
  4 sky beasts
  An eye of draining (D:12)
  2 black bears
  7 orc warriors
  2 slaves (D:8)
  27 wolves
  10 ogres
  18 centaurs
  17 crocodiles
  16 bullfrogs
  5 big kobolds
  A water moccasin zombie (Ossuary)
  A water moccasin skeleton (D:4)
  6 scorpions
  15 killer bees
  4 wights (D:12)
  The ghost of darkhara the Firebug, a weakling DrFE (D:4)
  4 howler monkeys
  9 electric eels
  4 crimson imps
  A bullfrog zombie (D:5)
  A wyvern simulacrum (D:11)
  A quasit (D:11)
  7 orc priests
  5 hounds
  4 jellies
  Crazy Yiuf (D:2)
  2 bullfrog skeletons
  Natasha (thrice) (D:2)
  4 iguanas
  16 orc wizards
  6 hell rats (Lair:6)
  14 worker ants
  2 bullfrog simulacra (D:11)
  A centaur simulacrum (D:11)
  5 big kobold zombies (Ossuary)
  A hound zombie (D:9)
  A howler monkey zombie (D:9)
  2 mummies (Ossuary)
  A worker ant zombie (D:11)
  3 gnolls (D:10)
  12 adders
  4 white imps (D:11)
  2 worker ant simulacra (D:11)
  An ufetubus (D:11)
  3 oozes
  A worm zombie (D:5)
  6 adder zombies
  2 worms
  3 dart slugs
  6 leopard geckos
  68 orcs
  9 bats
  4 giant cockroaches
  A gnoll zombie (Ossuary)
  11 goblins
  10 hobgoblins
  15 jackals
  4 quokkas
  4 ball pythons
  3 frilled lizards
  9 hobgoblin zombies (Ossuary)
  25 kobolds
  3 kobold zombies (Ossuary)
  2 leopard gecko skeletons
  8 orc zombies (Ossuary)
  A quokka skeleton (D:4)
  8 rats
  A rat zombie (D:5)
  A butterfly (Lair:5)
  2 fungi (Lair:6)
  9 plants
820 creatures vanquished.

Vanquished Creatures (others)
  A leopard gecko (D:8)
  7 fungi
  11 plants
  9 tentacles (Shoals:2)
28 creatures vanquished.

Grand Total: 848 creatures vanquished

Notes
Turn   | Place    | Note
-------+----------+-------------------------------------------
     0 | D:1      | vatarom the Deep Elf Fire Elementalist began the quest for the Orb.
     0 | D:1      | Reached XP level 1. HP: 10/10 MP: 6/6
   308 | D:1      | Reached XP level 2. HP: 15/15 MP: 6/8
   310 | D:1      | Reached skill level 4 in Fire Magic
   723 | D:1      | Learned a level 2 spell: Throw Flame
   955 | D:1      | Reached XP level 3. HP: 19/19 MP: 7/9
  1190 | D:2      | Learned a level 3 spell: Conjure Flame
  1303 | D:2      | Reached skill level 5 in Fire Magic
  1438 | D:2      | Noticed Sigmund
  1447 | D:2      | Killed Sigmund
  1447 | D:2      | Reached skill level 6 in Fire Magic
  1447 | D:2      | Reached XP level 4. HP: 14/24 MP: 1/10
  1447 | D:2      | Reached XP level 5. HP: 16/28 MP: 1/11
  1529 | D:2      | Learned a level 4 spell: Sticky Flame
  1877 | D:2      | Reached skill level 7 in Fire Magic
  2056 | D:2      | Noticed Natasha
  2061 | D:2      | Killed Natasha
  2140 | D:2      | Noticed Natasha
  2149 | D:2      | Killed Natasha
  2149 | D:2      | Reached XP level 6. HP: 28/32 MP: 9/13
  2240 | D:2      | Noticed Natasha
  2247 | D:2      | Killed Natasha
  2430 | D:2      | Found a runed door.
  2504 | D:2      | Noticed Crazy Yiuf
  2514 | D:2      | Killed Crazy Yiuf
  3492 | D:4      | Noticed darkhara's ghost (weakling DrFE)
  3606 | D:4      | Reached XP level 7. HP: 36/36 MP: 12/16
  3675 | D:4      | Reached skill level 8 in Fire Magic
  3791 | D:4      | Killed darkhara's ghost
  3934 | D:4      | Got a blackened war axe
  3935 | D:4      | Identified the +4 war axe "Dypn" {chaos, *Corrode Int+6} (You found it on level 4 of the Dungeon)
  4129 | D:5      | Entered Level 5 of the Dungeon
  4155 | D:5      | Noticed Eustachio
  4161 | D:5      | Killed Eustachio
  4298 | D:5      | Noticed Menkaure
  4300 | D:5      | Noticed Duvessa
  4301 | D:5      | Killed Menkaure
  4301 | D:5      | Reached skill level 5 in Conjurations
  4301 | D:5      | Reached XP level 8. HP: 35/41 MP: 10/17
  4308 | D:5      | Noticed Dowan
  4395 | D:4      | Learned a level 5 spell: Fireball
  4630 | D:5      | Killed Duvessa
  4630 | D:5      | Reached skill level 9 in Fire Magic
  4722 | D:5      | Found a sand-covered staircase.
  4734 | Ossuary  | Entered an ossuary
  4773 | Ossuary  | Reached skill level 5 in Dodging
  5748 | D:6      | Found a staircase to the Ecumenical Temple.
  5756 | Temple   | Entered the Ecumenical Temple
  5854 | Temple   | Became a worshipper of Vehumet
  6222 | D:6      | Reached XP level 9. HP: 45/45 MP: 11/18
  6307 | D:6      | Reached skill level 10 in Fire Magic
  6782 | D:7      | Reached * piety under Vehumet
  6782 | D:7      | Offered knowledge of Sting by Vehumet.
  7559 | D:7      | Reached skill level 11 in Fire Magic
  8096 | D:8      | Noticed a two-headed ogre
  8491 | D:8      | Killed a two-headed ogre
  8491 | D:8      | Reached XP level 10. HP: 50/50 MP: 12/19
  8523 | D:8      | Found a staircase to the Lair.
  8669 | D:7      | Reached skill level 12 in Fire Magic
  9017 | D:8      | Offered knowledge of Throw Frost by Vehumet.
  9068 | D:8      | Reached ** piety under Vehumet
  9116 | D:8      | Noticed Joseph
  9475 | D:8      | Noticed Pikel
  9478 | D:8      | Killed Pikel
  9478 | D:8      | Reached skill level 10 in Conjurations
  9812 | D:9      | Found a blossoming altar of Fedhas.
  9865 | D:9      | Got a shimmering chain mail
  9866 | D:9      | Identified the +6 chain mail of the Heron {rPois Int+9} (You found it on level 9 of the Dungeon)
 10283 | D:9      | Found a roughly hewn altar of Beogh.
 10289 | D:9      | Offered knowledge of Static Discharge by Vehumet.
 10420 | D:9      | Found Avex's General Store.
 10537 | D:9      | Found a deep blue altar of Sif Muna.
 10669 | D:10     | Entered Level 10 of the Dungeon
 10689 | D:10     | Reached *** piety under Vehumet
 10959 | D:10     | Noticed a cyclops
 11014 | Lair:1   | Entered Level 1 of the Lair of Beasts
 11021 | Lair:1   | Offered knowledge of Ignite Poison by Vehumet.
 11021 | Lair:1   | Reached skill level 13 in Fire Magic
 11202 | Lair:1   | Gained mutation: You occasionally shout uncontrollably at your foes. [potion of mutation]
 11202 | Lair:1   | Gained mutation: You tend to lose your temper in combat. [potion of mutation]
 11202 | Lair:1   | Gained mutation: You are partially covered in iridescent scales. (AC +2) [potion of mutation]
 11236 | Lair:1   | Noticed a spiny frog
 11245 | Lair:1   | Killed a spiny frog
 11245 | Lair:1   | Reached skill level 1 in Fighting
 11245 | Lair:1   | Reached skill level 5 in Spellcasting
 11677 | Lair:1   | Noticed a death yak
 11680 | Lair:1   | Noticed a torpor snail
 11680 | Lair:1   | Noticed a death yak
 11680 | Lair:1   | Killed a torpor snail
 11680 | Lair:1   | Reached XP level 11. HP: 57/57 MP: 8/21
 11680 | Lair:1   | Killed a death yak
 11701 | Lair:1   | Killed a death yak
 13021 | Lair:2   | Reached skill level 1 in Evocations
 13118 | Lair:2   | Noticed an oklob plant
 13175 | Lair:2   | Reached **** piety under Vehumet
 13459 | Lair:2   | Reached skill level 14 in Fire Magic
 13485 | Lair:2   | Offered knowledge of Irradiate by Vehumet.
 13760 | Lair:2   | Noticed a six-headed hydra
 13765 | Lair:2   | Killed a six-headed hydra
 14145 | Lair:2   | Reached XP level 12. HP: 66/66 MP: 2/27
 14462 | Lair:2   | Learned a level 5 spell: Irradiate
 14590 | Lair:3   | Noticed acidapple's ghost (journeyman MfGl)
 14599 | Lair:3   | Killed acidapple's ghost
 14599 | Lair:3   | Reached skill level 10 in Spellcasting
 15088 | Lair:3   | Found a staircase to the Shoals.
 15485 | Lair:3   | Reached skill level 15 in Fire Magic
 15598 | Lair:3   | Noticed a catoblepas
 15607 | Lair:3   | Killed a catoblepas
 15806 | Lair:3   | Reached ***** piety under Vehumet
 15807 | Lair:3   | Offered knowledge of Iskenderun's Battlesphere by Vehumet.
 15984 | Lair:3   | Noticed a death yak
 15987 | Lair:3   | Killed a death yak
 16129 | Lair:3   | Learned a level 5 spell: Iskenderun's Battlesphere
 16198 | Lair:3   | Learned a level 5 spell: Bolt of Draining
 16609 | Lair:4   | Reached skill level 1 in Charms
 16892 | Lair:4   | Found a staircase to the Snake Pit.
 16953 | Lair:4   | Reached skill level 1 in Necromancy
 17991 | Lair:5   | Noticed raph's ghost (journeyman MiMo)
 18266 | Lair:5   | Reached skill level 16 in Fire Magic
 18481 | Lair:5   | Reached XP level 13. HP: 51/70 MP: 30/30
 18691 | Lair:5   | Found a viscous altar of Jiyva.
 18692 | Lair:5   | Found a staircase to the Slime Pits.
 19289 | Lair:6   | Entered Level 6 of the Lair of Beasts
 19861 | Lair:6   | Offered knowledge of Force Lance by Vehumet.
 19876 | Lair:6   | Reached skill level 17 in Fire Magic
 20126 | Lair:6   | Identified a scroll of acquirement
 20663 | Lair:6   | Noticed a fire dragon
 20672 | Lair:6   | Killed a fire dragon
 20968 | Lair:6   | Learned a level 4 spell: Force Lance
 20976 | Lair:6   | Reached skill level 18 in Fire Magic
 21442 | Lair:6   | Noticed a dire elephant
 21454 | Lair:6   | Killed a dire elephant
 21996 | Lair:6   | Got a vibrating granite ring
 21997 | Lair:6   | Identified the ring "Moitet" {Fire rPois Int+6} (You found it on level 6 of the Lair of Beasts)
 22143 | Lair:6   | Reached XP level 14. HP: 76/76 MP: 17/31
 22146 | Lair:6   | Reached skill level 19 in Fire Magic
 22649 | D:10     | Learned a level 6 spell: Freezing Cloud
 22709 | D:10     | Reached skill level 1 in Air Magic
 23524 | D:11     | Noticed Psyche
 23527 | D:11     | Killed Psyche
 23545 | D:11     | Offered knowledge of Lightning Bolt by Vehumet.
 23752 | D:11     | Found Uwaezoit's Changing Room.
 24080 | D:11     | Learned a level 7 spell: Ring of Flames
 24855 | D:11     | Got a smoking brass ring
 25090 | D:11     | Reached skill level 5 in Charms
 25374 | D:12     | Noticed p0werm0de's ghost (journeyman DsBe)
 25377 | D:12     | Killed p0werm0de's ghost
 25582 | D:12     | Found a staircase to the Orcish Mines.
 26092 | D:12     | Offered knowledge of Bolt of Magma by Vehumet.
 26097 | D:12     | Found a shattered altar of Ashenzari.
 26253 | D:12     | Reached ****** piety under Vehumet
 26375 | D:12     | Reached skill level 10 in Charms
 27566 | D:13     | Found a transporter.
 27573 | D:13     | Found a viscous altar of Jiyva.
 27578 | D:13     | Noticed an azure jelly
 27578 | D:13     | Found a transporter.
 27581 | D:13     | Killed an azure jelly
 27688 | D:13     | Offered knowledge of Poison Arrow by Vehumet.
 27846 | D:13     | Reached XP level 15. HP: 80/80 MP: 32/32
 28067 | Shoals:1 | Entered Level 1 of the Shoals
 28165 | Shoals:1 | Reached skill level 20 in Fire Magic
 28476 | Shoals:1 | Identified the ring "Vijiosenn" {*Corrode rElec rF+ MR+++ Str+4} (You found it on level 11 of the Dungeon)
 29331 | Shoals:2 | Reached skill level 5 in Fighting
 29933 | Shoals:2 | Offered knowledge of Ozocubu's Refrigeration by Vehumet.
 30129 | Shoals:2 | Noticed a kraken
 30142 | Shoals:2 | Killed a kraken
 30429 | Shoals:3 | Noticed Polyphemus
 30710 | Shoals:3 | Noticed Nikola
 30898 | Shoals:3 | Killed Nikola
 31583 | Shoals:3 | Killed Polyphemus
 31617 | Shoals:3 | Reached XP level 16. HP: 32/94 MP: 15/33
 32250 | Shoals:4 | Entered Level 4 of the Shoals
 32250 | Shoals:4 | Noticed Bai Suzhen
 32276 | Shoals:3 | Killed Bai Suzhen
 32399 | Shoals:4 | Slain by an alligator snapping turtle

Skill      XL: |  1  2  3  4  5  6  7  8  9 10 11 12 13 14 15 16 |
---------------+-------------------------------------------------+-----
Fire Magic     | 4 6 7 8 9 11 13 14 16 18 19 20 | 20.4
Spellcasting   | 4 5 9 11 | 11.9
Conjurations   | 2 5 6 9 10 11 12 13 | 13.9
Dodging        | 6 |  6.2
Fighting       | 1 4 8 9 |  9.1
Evocations     | 1 |  1.3
Charms         | 4 10 | 10.2
Necromancy     | 3 4 |  4.1
Air Magic      | 4 |  4.4
Stealth        | |  2.4

Action                   |  1- 3 |  4- 6 |  7- 9 | 10-12 | 13-15 | 16-18 || total
-------------------------+-------+-------+-------+-------+-------+-------++-------
Melee: Whip              |     7 |     4 |       |       |       |       ||    11
       Quarterstaff      |       |     6 |    62 |       |       |       ||    68
       Staff             |       |       |       |    13 |    36 |     1 ||    50
 Cast: Flame Tongue      |    61 |    88 |   232 |   156 |    35 |     2 ||   574
       Throw Flame       |     2 |     3 |    10 |    32 |     3 |       ||    50
       Sticky Flame      |       |     5 |    25 |    39 |    20 |       ||    89
       Conjure Flame     |       |     1 |       |     1 |       |       ||     2
       Fireball          |       |       |    10 |   138 |   448 |    26 ||   622
       Bolt of Draining  |       |       |       |    12 |    18 |       ||    30
       Iskenderun's Batt |       |       |       |     6 |     2 |       ||     8
       Irradiate         |       |       |       |       |     1 |       ||     1
       Ring of Flames    |       |       |       |       |    50 |     2 ||    52
       Freezing Cloud    |       |       |       |       |    24 |       ||    24
       Force Lance       |       |       |       |       |    12 |     2 ||    14
Evoke: Wand              |       |       |       |     2 |     5 |       ||     7
  Use: Scroll            |     2 |     2 |     9 |     5 |    19 |     3 ||    40
       Potion            |       |     4 |     4 |     6 |     5 |     1 ||    20
 Stab: Sleeping          |       |       |     3 |     1 |       |       ||     4
  Eat: Chunk             |     1 |     6 |    10 |    18 |    19 |       ||    54
       Bread ration      |       |     1 |     2 |     3 |     9 |       ||    15
       Fruit             |       |       |     3 |       |     2 |       ||     5
       Royal jelly       |       |       |       |     3 |     3 |       ||     6
       Meat ration       |       |       |       |     4 |     4 |     1 ||     9
Armor: Robe              |     9 |    12 |    40 |    14 |     2 |       ||    77
       Steam dragon scal |       |       |       |       |    53 |     8 ||    61
Dodge: Dodged            |    22 |    39 |   155 |    89 |   133 |    30 ||   468
